 Dungeon Crawl Stone Soup version 0.26-a0-667-g92642533e4 (webtiles) character file.

Game seed: 10647012460392372148

23869 reriks the Blocker (level 13, -10/103 HPs)
             Began as a Gnoll Fighter on Oct 17, 2020.
             Was a Priest of Cheibriados.
             Mangled by a death yak (12 damage)
             ... led by a torpor snail
             ... on level 2 of the Lair of Beasts.
             The game lasted 00:27:11 (19388 turns).

reriks the Blocker (Gnoll Fighter)                 Turns: 19388, Time: 00:27:12

Health: -10/103    AC: 19    Str: 25    XL:     13   Next: 9%
Magic:  14/24      EV: 13    Int: 20    God:    Cheibriados [***...]
Gold:   492        SH: 14    Dex: 28    Spells: 24/27 levels left

rFire    . . .     SeeInvis .   a - +5 morningstar
rCold    . . .     Faith    .   c - +0 kite shield
rNeg     . . .     Spirit   .   B - +0 plate armour
rPois    .         Reflect  .   v - +0 helmet
rElec    .         Harm     .   (no cloak)
rCorr    .         Rampage  .   F - +2 pair of gloves {archery}
MR       +....                  (no boots)
Stlth    ..........             (no amulet)
HPRegen  0.27/turn              N - +6 ring of dexterity
MPRegen  0.19/turn              f - ring of protection from magic

@: very slow
A: distributed training, fangs 1, strong nose
a: Bend Time, Temporal Distortion, Renounce Religion


You were on level 2 of the Lair of Beasts.
You worshipped Cheibriados.
Cheibriados was most pleased with you.
You visited 3 branches of the dungeon, and saw 16 of its levels.
You also visited: Sewer.

You collected 762 gold pieces.
You spent 270 gold pieces at shops.

Inventory:

Hand Weapons
 a - a +5 morningstar (weapon)
 b - a +7 vorpal hunting sling
 o - a +0 war axe
 A - a +2 flail of protection
 H - a +2 whip of pain
 O - the cursed +0 rapier "Tyst" {drain, +Rage}
   (You found it on level 10 of the Dungeon)

   A truly terrible weapon, it drains the life of those it strikes.
   It lets you go berserk.
   It has a curse placed upon it.
 S - a +0 war axe
Missiles
 e - 226 stones (quivered)
 K - 24 sling bullets
Armour
 c - a +0 kite shield (worn)
 j - a +0 scale mail
 v - a +0 helmet (worn)
 B - a +0 plate armour (worn)
 F - a +2 pair of gloves of archery (worn)
 P - +0 acid dragon scales
 T - the +5 scale mail of Vereneog {-Tele MR+++ SInv}
   (You found it on level 1 of the Lair of Beasts)

   It affects your resistance to hostile enchantments.
   It lets you see invisible.
   It prevents most forms of teleportation.
Jewellery
 f - a ring of protection from magic (right hand)
 t - an uncursed ring of magical power
 x - an uncursed ring of positive energy
 G - a +4 ring of evasion
 N - a +6 ring of dexterity (left hand)
 Q - an uncursed ring of stealth {unknown}
 U - a cursed amulet of inaccuracy {unknown}
Wands
 z - a wand of random effects (37)
 J - a wand of enslavement (12)
 L - a wand of iceblast (24)
 R - a wand of acid (8)
Scrolls
 d - 2 scrolls of magic mapping
 h - 2 scrolls of fog
 l - 3 scrolls of remove curse
 q - 5 scrolls of immolation
 s - 9 scrolls of teleportation
 y - a scroll of random uselessness
 E - 6 scrolls of identify
Potions
 g - a potion of berserk rage
 i - 5 potions of flight {unknown}
 k - 2 potions of invisibility {unknown}
 m - a potion of brilliance {unknown}
 n - 3 potions of curing
 p - a potion of mutation {unknown}
 r - 2 potions of haste {unknown}
 u - 5 potions of lignification {unknown}
 w - 3 potions of heal wounds {unknown}
 C - a potion of degeneration {unknown}
 D - 3 potions of stabbing {unknown}
 I - 2 potions of magic {unknown}
 M - a potion of resistance {unknown}


   Skills:
 + Level 10.3 Fighting
 + Level 7.9 Short Blades
 + Level 7.9 Long Blades
 + Level 9.2 Axes
 + Level 7.9 Maces & Flails
 + Level 7.9 Polearms
 + Level 7.9 Staves
 + Level 7.9 Slings
 + Level 7.9 Bows
 + Level 7.9 Crossbows
 + Level 7.9 Throwing
 + Level 10.3 Armour
 + Level 7.9 Dodging
 + Level 7.9 Stealth
 + Level 10.3 Shields
 + Level 7.9 Unarmed Combat
 + Level 7.9 Spellcasting
 + Level 6.6 Conjurations
 + Level 6.6 Hexes
 + Level 6.6 Summonings
 + Level 6.6 Necromancy
 + Level 6.6 Translocations
 + Level 6.6 Transmutations
 + Level 6.6 Fire Magic
 + Level 6.6 Ice Magic
 + Level 6.6 Air Magic
 + Level 6.6 Earth Magic
 + Level 6.6 Poison Magic
 + Level 8.7 Invocations
 + Level 7.9 Evocations


You had 24 spell levels left.
You knew the following spells:

 Your Spells              Type           Power        Failure   Level
a - Animate Skeleton      Necr           ####..       11%         1
b - Passwall              Tmut/Erth      ####....     16%         2

Your spell library contained the following spells:

 Spells                   Type           Power        Failure   Level
 Apportation              Tloc           ####..       11%         1
 Corona                   Hex            ####...      11%         1
 Sandblast                Erth           ####..       11%         1
 Summon Small Mammal      Summ           ####         11%         1
 Stone Arrow              Conj/Erth      ####..       30%         3
 Petrify                  Tmut/Erth      ####....     71%         4
 Lee's Rapid Deconstruct  Erth           ####......   96%         5


Dungeon Overview and Level Annotations

Branches:
Dungeon (13/15)            Temple (1/1) D:4            Lair (2/6) D:10
    Orc (0/2) D:12          Sewer (visited)
  Swamp: Lair:2-4    Shoals: Lair:2-4     Snake: Lair:2-4    Spider: Lair:2-4
 Vaults: D:13-14

Altars:
Ashenzari
Cheibriados
Dithmenos
Elyvilon
Fedhas
Gozag
Hepliaklqana
Kikubaaqudgha
Makhleb
Nemelex Xobeh
Okawaru
Qazlal
Ru
Sif Muna
Trog
Uskayaw
Vehumet
Wu Jian
Xom
Yredelemnul
Zin
The Shining One

Shops:
D:5 :   D:9 :   D:11 *

Annotations:
D:8 3 runed translucent doors, om's ghost, novice MiMo


Innate Abilities, Weirdness & Mutations

Your experience applies equally to all skills.
You have very sharp teeth.
Your uncanny sense of smell can sniff out nearby items.


Message History

The death yak seems to slow down.
The death yak gores you!
* * * LOW HITPOINT WARNING * * *
Your shield and plate armour prevent you from hitting the death yak.
The death yak is severely wounded.
You hit the death yak but do no damage.
The death yak is severely wounded.
You block the death yak's attack.
You hit the death yak.
You bite the death yak, but do no damage.
The death yak is severely wounded.
You block the death yak's attack.
You sock the death yak!
You bite the death yak, but do no damage.
The death yak is almost dead.
The death yak gores you!!
* * * LOW HITPOINT WARNING * * *
You completely miss the death yak.
The death yak is almost dead.
The death yak gores you!
You die...

## ##############
#.##.##.##PP#P#P###
#......Y@........#
#..##..##.#.###..#
#.######.#####.#.#
#...# ### ###.#
#.### #.## #.. #..#
#Y. ##.P# ..##
#...# ... ##.##


You could see a death yak (slow).

Vanquished Creatures
  Josephine (D:11)
  Harold (D:10)
  2 boulder beetles (D:11)
  A hydra (Lair:1)
  A two-headed ogre (D:8)
  A tengu warrior (D:11)
  A death yak (Lair:2)
  4 skeletal warriors (D:11)
  2 ugly things
  4 oklob plants
  2 cyclopes (D:11)
  A gargoyle (D:8)
  Maggie (D:8)
  5 cane toads
  A kobold demonologist (D:11)
  A komodo dragon (Lair:1)
  2 trolls
  A hornet (D:11)
  5 slime creatures (D:11)
  Sigmund (D:6)
  4 wraiths (D:11)
  10 yaks
  A wyvern (D:11)
  Grum (D:11)
  2 steam dragons
  Menkaure (D:6)
  Edmund (D:4)
  An acid dragon (D:11)
  5 orc warriors
  A sky beast (D:6)
  2 ice beasts (D:5)
  4 black bears
  A necrophage (D:5)
  6 wolves
  6 ogres
  5 centaurs
  Blork the orc (D:4)
  A big kobold (D:11)
  9 bullfrogs
  A scorpion (D:4)
  A wyvern skeleton (D:11)
  9 killer bees
  14 wights
  6 howler monkeys
  A crimson imp (D:3)
  A bullfrog zombie (D:11)
  A quasit (D:7)
  3 orc priests
  4 hounds
  2 centaur zombies
  2 jellies
  Terence (D:3)
  5 iguanas
  6 orc wizards
  3 worker ants
  A killer bee zombie (D:8)
  A hound zombie (D:10)
  A hound skeleton (D:4)
  Robin (D:2)
  A gnoll (D:5)
  A howler monkey skeleton (D:7)
  2 river rats (D:4)
  5 adders
  2 shadow imps
  A white imp (D:8)
  An ufetubus (D:5)
  2 oozes
  An adder skeleton (D:5)
  An adder zombie (D:6)
  2 worms
  2 dart slugs
  7 leopard geckos
  39 orcs
  6 giant cockroaches
  15 goblins
  7 hobgoblins
  15 jackals
  11 kobolds
  3 quokkas
  7 ball pythons
  10 bats
  8 frilled lizards
  A giant cockroach zombie (D:6)
  A jackal skeleton (D:8)
  A quokka zombie (D:5)
  8 rats
  A bush (D:3)
325 creatures vanquished.

Vanquished Creatures (others)
  2 fungi
  7 plants
9 creatures vanquished.

Grand Total: 334 creatures vanquished

Notes
Turn   | Place    | Note
-------+----------+-------------------------------------------
     0 | D:1      | reriks the Gnoll Fighter began the quest for the Orb.
     0 | D:1      | Reached XP level 1. HP: 23/23 MP: 1/1
   150 | D:1      | Reached XP level 2. HP: 29/29 MP: 2/2
   606 | D:1      | Reached XP level 3. HP: 35/35 MP: 3/3
  1039 | D:2      | Reached skill level 1 in Invocations
  1307 | D:2      | Reached skill level 1 in Short Blades
  1307 | D:2      | Reached skill level 1 in Long Blades
  1307 | D:2      | Reached skill level 1 in Maces & Flails
  1307 | D:2      | Reached skill level 1 in Polearms
  1307 | D:2      | Reached skill level 1 in Staves
  1307 | D:2      | Reached skill level 1 in Slings
  1307 | D:2      | Reached skill level 1 in Bows
  1307 | D:2      | Reached skill level 1 in Crossbows
  1307 | D:2      | Reached skill level 1 in Throwing
  1307 | D:2      | Reached skill level 1 in Dodging
  1307 | D:2      | Reached skill level 1 in Stealth
  1307 | D:2      | Reached skill level 1 in Unarmed Combat
  1307 | D:2      | Reached skill level 1 in Spellcasting
  1307 | D:2      | Reached skill level 1 in Evocations
  1316 | D:2      | Noticed Robin
  1319 | D:2      | Reached XP level 4. HP: 41/41 MP: 5/5
  1338 | D:2      | Killed Robin
  1656 | D:3      | Reached skill level 1 in Conjurations
  1656 | D:3      | Reached skill level 1 in Hexes
  1656 | D:3      | Reached skill level 1 in Summonings
  1656 | D:3      | Reached skill level 1 in Necromancy
  1656 | D:3      | Reached skill level 1 in Translocations
  1656 | D:3      | Reached skill level 1 in Transmutations
  1656 | D:3      | Reached skill level 1 in Fire Magic
  1656 | D:3      | Reached skill level 1 in Ice Magic
  1656 | D:3      | Reached skill level 1 in Air Magic
  1656 | D:3      | Reached skill level 1 in Earth Magic
  1656 | D:3      | Reached skill level 1 in Poison Magic
  1760 | D:3      | Found a radiant altar of Vehumet.
  1761 | D:3      | Found a burning altar of Makhleb.
  1827 | D:3      | Reached XP level 5. HP: 45/47 MP: 5/7
  1856 | D:3      | Noticed Terence
  1875 | D:3      | Killed Terence
  1880 | D:3      | Noticed an ogre
  1893 | D:3      | Killed an ogre
  1893 | D:3      | Reached XP level 6. HP: 37/53 MP: 8/8
  2097 | D:3      | Found a stormy altar of Qazlal.
  2931 | D:4      | Reached skill level 5 in Axes
  3033 | D:4      | Found a glowing drain.
  3040 | Sewer    | Entered a sewer
  3899 | D:4      | Found a shimmering blue altar of Sif Muna.
  4083 | D:4      | Reached XP level 7. HP: 41/59 MP: 10/10
  4194 | D:4      | Found a staircase to the Ecumenical Temple.
  4194 | D:4      | Noticed Blork the orc
  4200 | D:4      | Killed Blork the orc
  4208 | Temple   | Entered the Ecumenical Temple
  4452 | D:4      | Noticed Edmund
  4473 | D:4      | Killed Edmund
  4638 | D:5      | Entered Level 5 of the Dungeon
  4638 | D:5      | Found a hazy altar of Hepliaklqana.
  4740 | D:5      | Reached XP level 8. HP: 65/67 MP: 12/12
  4973 | D:5      | Found Unwinela's Book Shop.
  4985 | D:5      | Learned a level 1 spell: Animate Skeleton
  5002 | D:5      | Found a sacrificial altar of Ru.
  5578 | D:6      | Noticed Sigmund
  5585 | D:6      | Killed Sigmund
  5585 | D:6      | Reached XP level 9. HP: 65/72 MP: 14/14
  5695 | D:6      | Noticed Menkaure
  5709 | D:6      | Killed Menkaure
  5925 | D:6      | Found a blossoming altar of Fedhas.
  5926 | D:6      | Found an ancient bone altar of Kikubaaqudgha.
  8205 | D:7      | Reached skill level 5 in Invocations
  8206 | D:7      | Identified a scroll of acquirement
  8206 | D:7      | Acquired a +1 pair of gloves of archery
  8285 | D:7      | You fall into a shaft and drop 2 floors!
  8441 | D:8      | Noticed a gargoyle
  8450 | D:8      | Killed a gargoyle
  8450 | D:8      | Reached XP level 10. HP: 80/80 MP: 15/17
  8972 | D:7      | Reached skill level 5 in Short Blades
  8972 | D:7      | Reached skill level 5 in Long Blades
  8972 | D:7      | Reached skill level 5 in Maces & Flails
  8972 | D:7      | Reached skill level 5 in Polearms
  8972 | D:7      | Reached skill level 5 in Staves
  8972 | D:7      | Reached skill level 5 in Slings
  8972 | D:7      | Reached skill level 5 in Bows
  8972 | D:7      | Reached skill level 5 in Crossbows
  8972 | D:7      | Reached skill level 5 in Throwing
  8972 | D:7      | Reached skill level 5 in Dodging
  8972 | D:7      | Reached skill level 5 in Stealth
  8972 | D:7      | Reached skill level 5 in Unarmed Combat
  8972 | D:7      | Reached skill level 5 in Spellcasting
  8972 | D:7      | Reached skill level 5 in Evocations
  9356 | D:8      | Noticed a two-headed ogre
  9368 | D:8      | Killed a two-headed ogre
  9733 | D:8      | Noticed Maggie
  9747 | D:8      | Killed Maggie
  9975 | D:8      | Found a basalt altar of Yredelemnul.
 10108 | D:8      | Found a runed translucent gate.
 10108 | D:8      | Found a runed translucent gate.
 10109 | D:8      | Found a runed translucent gate.
 10109 | D:8      | Noticed om's ghost (novice MiMo)
 10111 | D:8      | Identified the +11 short sword of Watchfulness {elec, +Rage
                  | rElec Stlth+}
 10945 | D:9      | Found a snail-covered altar of Cheibriados.
 10946 | D:9      | Found a white marble altar of Elyvilon.
 10946 | D:9      | Found an iron altar of Okawaru.
 10996 | D:9      | Found a sparkling altar of Nemelex Xobeh.
 11002 | D:9      | Became a worshipper of Cheibriados the Contemplative
 11073 | D:9      | Found a shimmering altar of Xom.
 11075 | D:9      | Found a shimmering altar of Xom.
 11075 | D:9      | Found a shimmering altar of Xom.
 11076 | D:9      | Found a shimmering altar of Xom.
 11076 | D:9      | Found a shimmering altar of Xom.
 11076 | D:9      | Found a shimmering altar of Xom.
 11077 | D:9      | Found a shimmering altar of Xom.
 11077 | D:9      | Found a shimmering altar of Xom.
 11279 | D:9      | Found a shimmering altar of Xom.
 11309 | D:9      | Found Wirutza's Book Boutique.
 11476 | D:9      | Found a shimmering altar of Xom.
 11582 | D:10     | Entered Level 10 of the Dungeon
 11582 | D:10     | Noticed Harold
 11595 | D:10     | Killed Harold
 11645 | D:10     | Reached XP level 11. HP: 71/87 MP: 19/19
 12019 | D:10     | Found a staircase to the Lair.
 12019 | D:10     | Noticed an oklob plant
 12249 | D:10     | Killed an oklob plant
 12566 | D:10     | Reached skill level 5 in Conjurations
 12566 | D:10     | Reached skill level 5 in Hexes
 12566 | D:10     | Reached skill level 5 in Summonings
 12566 | D:10     | Reached skill level 5 in Necromancy
 12566 | D:10     | Reached skill level 5 in Translocations
 12566 | D:10     | Reached skill level 5 in Transmutations
 12566 | D:10     | Reached skill level 5 in Fire Magic
 12566 | D:10     | Reached skill level 5 in Ice Magic
 12566 | D:10     | Reached skill level 5 in Air Magic
 12566 | D:10     | Reached skill level 5 in Earth Magic
 12566 | D:10     | Reached skill level 5 in Poison Magic
 12574 | D:10     | Reached * piety under Cheibriados
 12732 | D:10     | Got a jewelled rapier
 12733 | D:10     | Identified the cursed +0 rapier "Tyst" {drain, +Rage} (You
                  | found it on level 10 of the Dungeon)
 13276 | D:11     | Noticed a white ugly thing
 13279 | D:11     | Noticed Grum
 13409 | D:11     | Noticed a cyclops
 13409 | D:11     | Noticed a skeletal warrior
 13412 | D:11     | Noticed a skeletal warrior
 13415 | D:11     | Found Ajib's Assorted Antiques.
 13416 | D:11     | Noticed a cyclops
 13422 | D:11     | Killed a cyclops
 13617 | D:11     | Bought a scroll labeled FEREMA MOQY for 30 gold pieces
 13617 | D:11     | Bought a wand of acid (8) for 240 gold pieces
 13700 | D:11     | Killed a white ugly thing
 13780 | D:11     | Noticed Josephine
 13786 | D:11     | Killed Josephine
 13880 | D:11     | Killed a cyclops
 14698 | D:11     | Reached ** piety under Cheibriados
 14986 | D:11     | Noticed a tengu warrior
 14994 | D:11     | Killed a tengu warrior
 14999 | D:11     | Noticed a skeletal warrior
 15000 | D:11     | Noticed a skeletal warrior
 15016 | D:11     | Killed a skeletal warrior
 15016 | D:11     | Reached XP level 12. HP: 26/96 MP: 22/22
 15424 | D:11     | You fall into a shaft and drop 2 floors!
 15668 | D:12     | Found a staircase to the Orcish Mines.
 15867 | D:11     | Killed Grum
 16532 | D:11     | Noticed a boulder beetle
 16550 | D:11     | Killed a boulder beetle
 16550 | D:11     | Reached *** piety under Cheibriados
 16689 | D:11     | Noticed a boulder beetle
 16710 | D:11     | Killed a boulder beetle
 17024 | D:11     | Learned a level 2 spell: Passwall
 17323 | Lair:1   | Entered Level 1 of the Lair of Beasts
 17331 | Lair:1   | Noticed a six-headed hydra
 17339 | Lair:1   | Killed a six-headed hydra
 17339 | Lair:1   | Reached skill level 10 in Fighting
 17339 | Lair:1   | Reached skill level 10 in Armour
 17339 | Lair:1   | Reached skill level 10 in Shields
 18547 | Lair:1   | Got a jewelled scale mail
 18548 | Lair:1   | Identified the +5 scale mail of Vereneog {-Tele MR+++ SInv}
                  | (You found it on level 1 of the Lair of Beasts)
 18825 | Lair:1   | Found a bloodstained altar of Trog.
 18970 | Lair:1   | Reached XP level 13. HP: 103/103 MP: 24/24
 19387 | Lair:2   | HP: 1/103 [death yak[a torpor snail] (21)]
 19388 | Lair:2   | Mangled by a death yak

Illustrated notes

Levels and vault maps discovered:
D:1:      saegor_arrival_simple_a, layout_loops_ring, minmay_tromino_v7
D:2:      layout_basic, uniq_robin
D:3:      layout_rooms, grunt_temple_overflow_lords_of_destruction,
          nicolae_qazlal_general_emergency, serial_forest,
          infiniplex_forest_lined_2, infiniplex_forest_clump_long,
          infiniplex_forest_straight_3, infiniplex_forest_clump_C,
          infiniplex_forest_straight_2, infiniplex_forest_zigzag_1,
          infiniplex_forest_end_3, minmay_stone_trees_medium, uniq_terence
D:4:      layout_basic, old_standard_altar, minmay_temple_entry_mist,
          portal_sewer_entry_e, uniq_edmund, uniq_blork_the_orc
D:5:      layout_cave_pools, nicolae_ru_path_of_blood, serial_shops,
          nicolae_shop_statue_plus, basic_altar
D:6:      layout_layer_cave, grunt_temple_overflow_growth_and_decay,
          uniq_menkaure, uniq_sigmund
D:7:      layout_basic
D:8:      layout_rooms, kennysheep_mini, gammafunk_ghost_nasty_kobolds,
          uniq_maggie
D:9:      layout_rooms, old_standard_altar,
          chequers_temple_overflow_statue_of_worship, serial_shops, shop,
          chequers_decorated_corner, xom_shifter_show
D:10:     layout_roguey, dpeg_oklobed_lair, uniq_harold
D:11:     layout_irregular_city, serial_shops, shop, minmay_misc_feat_alley,
          uniq_grum, uniq_josephine
D:12:     minmay_containers, layout_loops_ring, orc_david_3, minivault_1,
          minmay_three_doors
D:13:     layout_cave_pools, nicolae_dithmenos_shadow_blocks
Temple:   nicolae_temple_figure_zero
Lair:1:   layout_chaotic_city, basic_altar, minmay_lair_oklob_chamber
Lair:2:   layout_loops_ring, dummy_snake_entry, chequers_serial_rivers_micro_e

Skill      XL: |  1  2  3  4  5  6  7  8  9 10 11 12 |
---------------+-------------------------------------+-----
Invocations    | 1 2 3 4 5 6 7 8 |  8.7
Short Blades   | 1 2 3 4 5 6 7 |  7.9
Long Blades    | 1 2 3 4 5 6 7 |  7.9
Maces & Flails | 1 2 3 4 5 6 7 |  7.9
Polearms       | 1 2 3 4 5 6 7 |  7.9
Staves         | 1 2 3 4 5 6 7 |  7.9
Slings         | 1 2 3 4 5 6 7 |  7.9
Bows           | 1 2 3 4 5 6 7 |  7.9
Crossbows      | 1 2 3 4 5 6 7 |  7.9
Throwing       | 1 2 3 4 5 6 7 |  7.9
Dodging        | 1 2 3 4 5 6 7 |  7.9
Stealth        | 1 2 3 4 5 6 7 |  7.9
Unarmed Combat | 1 2 3 4 5 6 7 |  7.9
Spellcasting   | 1 2 3 4 5 6 7 |  7.9
Evocations     | 1 2 3 4 5 6 7 |  7.9
Conjurations   | 1 2 3 4 5 6 |  6.6
Hexes          | 1 2 3 4 5 6 |  6.6
Summonings     | 1 2 3 4 5 6 |  6.6
Necromancy     | 1 2 3 4 5 6 |  6.6
Translocations | 1 2 3 4 5 6 |  6.6
Transmutations | 1 2 3 4 5 6 |  6.6
Fire Magic     | 1 2 3 4 5 6 |  6.6
Ice Magic      | 1 2 3 4 5 6 |  6.6
Air Magic      | 1 2 3 4 5 6 |  6.6
Earth Magic    | 1 2 3 4 5 6 |  6.6
Poison Magic   | 1 2 3 4 5 6 |  6.6
Axes           | 5 6 7 8 9 |  9.2
Fighting       | 7 8 9 10 | 10.3
Armour         | 7 8 9 10 | 10.3
Shields        | 7 8 9 10 | 10.3

Action                   |  1- 3 |  4- 6 |  7- 9 | 10-12 | 13-15 || total
-------------------------+-------+-------+-------+-------+-------++-------
Melee: War axe           |    45 |    33 |       |       |       ||    78
       Bite              |    10 |    50 |    20 |    46 |    11 ||   137
       Whip              |    77 |   228 |    16 |       |       ||   321
       Flail             |       |       |   176 |       |       ||   176
       Morningstar       |       |       |       |   167 |    41 ||   208
 Fire: Hunting sling     |       |   103 |    99 |   544 |       ||   746
Invok: Bend Time         |       |       |       |     2 |     6 ||     8
Evoke: Wand              |       |       |     4 |       |       ||     4
  Use: Scroll            |     1 |    11 |     5 |     9 |       ||    26
       Potion            |       |       |     1 |     1 |       ||     2
Armor: Scale mail        |    41 |   121 |     2 |       |       ||   164
       Plate armour      |       |       |   110 |   117 |    11 ||   238
Dodge: Dodged            |    29 |    85 |    60 |   103 |    10 ||   287
Block: Kite shield       |    49 |   142 |   168 |   234 |    15 ||   608

Table legend: (Time is in decaauts)
 A = Elapsed time spent in this place.
 B = Non-inter-level travel time spent in this place.
 C = Inter-level travel time spent in this place.
 D = Time resting spent in this place.
 E = Time spent auto-exploring this place.
 F = Levels seen in this place.
 G = Mean time per level.
                   A        B        C        D        E       F      G
               +--------+--------+--------+--------+--------+-----+--------+
         Total |  20746 |  19900 |    846 |   7373 |   9698 |  17 | 1220.4 |
       Dungeon |  17280 |  16513 |    767 |   6192 |   7935 |  13 | 1329.2 |
        Temple |    157 |    149 |      8 |      0 |    147 |   1 |  157.0 |
          Lair |   2486 |   2416 |     70 |    940 |   1201 |   2 | 1243.0 |
         Sewer |    822 |    822 |      0 |    241 |    414 |   1 |  822.0 |
               +--------+--------+--------+--------+--------+-----+--------+

Top non-repeatable levels by time:
    D:11: 4129 daAuts
  Lair:1: 2036 daAuts
     D:6: 1743 daAuts
    D:10: 1669 daAuts
     D:8: 1548 daAuts
     D:7: 1540 daAuts
     D:9: 1303 daAuts
     D:3: 1295 daAuts
     D:4: 927 daAuts
     D:5: 923 daAuts
     D:1: 853 daAuts
   Sewer: 822 daAuts
     D:2: 809 daAuts
    D:12: 509 daAuts
  Lair:2: 449 daAuts
